 Dungeon Crawl Stone Soup version 0.23.1 (webtiles) character file.

Game seed: 14866186285314321423

5677 Borgoz the Nimble (level 10, -6/84 HPs)
             Began as a Ghoul Enchanter on Mar 5, 2019.
             Was a Follower of Ashenzari.
             Splashed by a jelly's acid (9 damage)
             ... on level 9 of the Dungeon.
             The game lasted 00:26:42 (12652 turns).

Borgoz the Nimble (Ghoul Enchanter)                Turns: 12652, Time: 00:26:43

Health: -6/84      AC:  1    Str: 13    XL:     10   Next: 75%
Magic:  11/13      EV: 15    Int: 11    God:    Ashenzari [*.....]
Gold:   600        SH:  0    Dex: 11    Spells: 5/15 levels left

rFire    + . .     SeeInvis .   r - +0 dagger (elec) (curse)
rCold    + . .     Gourm    .   (no shield)
rNeg     + + +     Faith    .   i - +0 leather armour {rN+}
rPois    ∞         Spirit   .   u - +2 helmet (curse)
rElec    .         Reflect  .   y - +1 cloak
rCorr    .         Harm     .   (no gloves)
MR       .....                  (no boots)
Stlth    ++........             (no amulet)
HPRegen  0.00/turn              s - ring of protection from fire
MPRegen  0.13/turn              (no ring)

@: corroded, flying, very slightly contaminated, rotting, studying Conjurations,
invisible
A: rotting body, claws 1, carnivore, cold resistance 1, negative energy
resistance 3, inhibited regeneration, torment resistance, unbreathing
a: Curse Item, Scrying, Renounce Religion


You were on level 9 of the Dungeon.
You worshipped Ashenzari.
Ashenzari was aware of your devotion.
You were not hungry.

You visited 2 branches of the dungeon, and saw 11 of its levels.

You collected 600 gold pieces.

Inventory:

Hand Weapons
 a - a +2 dagger of draining
 r - a cursed +0 dagger of electrocution (weapon)
 t - a +2 short sword of flaming
Missiles
 l - a throwing net (quivered)
 v - 4 javelins
Armour
 i - a +0 leather armour of positive energy (worn)
 u - a cursed +2 helmet (worn)
 y - a +1 cloak (worn)
Jewellery
 s - a ring of protection from fire (left claw)
Wands
 j - a wand of enslavement (12)
 x - a wand of iceblast (5)
 A - a wand of scattershot (7)
 I - a wand of flame (24)
Scrolls
 c - 2 scrolls of fog
 h - 4 scrolls of teleportation
 k - 2 scrolls of remove curse
 o - a scroll of amnesia
 p - 2 scrolls of enchant armour
 z - a scroll of identify
Potions
 b - 2 potions of resistance
 f - a potion of brilliance
 g - 4 potions of curing
 m - 2 potions of might
 B - a potion of agility
 G - a potion of magic
Books
 e - a manual of Conjurations
Comestibles
 d - 18 rations
 q - 4 chunks of flesh


   Skills:
 + Level 6.4 Fighting
 * Level 7.9 Short Blades
 + Level 5.3 Armour
 * Level 8.0 Dodging
 - Level 3.2 Stealth
 - Level 3.0 Spellcasting
 - Level 4.9 Conjurations
 + Level 2.9 Hexes


You had 5 spell levels left.
You knew the following spells:

 Your Spells              Type           Power        Failure   Level  Hunger
a - Corona                Hex            #......      10%         1    #......
b - Ensorcelled Hibernat  Hex/Ice        #.....       26%         2    ###....
c - Confuse               Hex            #.......     28%         3    ###....
d - Slow                  Hex            #.......     14%         2    ###....
e - Blink                 Tloc           N/A          43%         2    ###....

Your spell library contained the following spells:

 Spells                   Type           Power        Failure   Level  Hunger
 Magic Dart               Conj           ##..         4%          1    #......
 Shock                    Conj/Air       #...         12%         1    #......
 Dazzling Spray           Conj/Hex       ##....       19%         3    ###....
 Tukima's Dance           Hex            #.......     28%         3    ###....
 Sandblast                Erth           #.....       32%         1    #......
 Conjure Flame            Conj/Fire      #.......     34%         3    ###....
 Static Discharge         Conj/Air       #.......     34%         3    ###....
 Stone Arrow              Conj/Erth      #.....       34%         3    ###....
 Call Imp                 Summ           #.......     43%         2    ###....
 Passwall                 Tmut/Erth      #.......     43%         2    ###....
 Swiftness                Chrm/Air       #.......     43%         2    ###....
 Mephitic Cloud           Conj/Pois/Air  #.......     45%         3    ###....
 Airstrike                Air            #.........   97%         4    #####..
 Petrify                  Tmut/Erth      #.......     97%         4    #####..
 Lightning Bolt           Conj/Air       #.........   97%         5    ######.
 Lee's Rapid Deconstruct  Erth           #.........   100%        5    ######.


Dungeon Overview and Level Annotations

Branches:
Dungeon (10/15)            Temple (1/1) D:5             Orc (0/2) D:9
   Lair: D:8-11

Altars:
Ashenzari
Cheibriados
Dithmenos
Elyvilon
Fedhas
Gozag
Hepliaklqana
Kikubaaqudgha
Makhleb
Nemelex Xobeh
Okawaru
Qazlal
Ru
Sif Muna
Trog
Uskayaw
Vehumet
Wu Jian
Xom
Yredelemnul
Zin
The Shining One
Jiyva

Shops:
D:5 *


Innate Abilities, Weirdness & Mutations

Your body is rotting away.
You thrive on raw meat.
You are immune to poison.
You have sharp fingernails.
You are carnivorous and can eat meat at any time.
Your flesh is cold resistant. (rC+)
You are immune to negative energy. (rN+++)
You do not regenerate when monsters are visible.
You are immune to unholy pain and torment.
You can survive without breathing.


Message History

* * * LOW HITPOINT WARNING * * *
There is an open door here.
Okay, then.
Okay, then.
You feel better. The jelly hits you but does no damage.
You hit the jelly. The acid corrodes you!
Your claws burn!
* * * LOW HITPOINT WARNING * * *
The jelly is severely wounded.
You fade into invisibility!
The jelly misses you.
It was a potion of flight.
You feel very buoyant.
You fly up into the air.
The jelly closely misses you.
You hit the jelly. The acid corrodes you!
Your claws burn!
* * * LOW HITPOINT WARNING * * *
The jelly is almost dead.
The jelly hits you.
* * * LOW HITPOINT WARNING * * *
You are splashed with acid!
You die...

###'#####
#.......###########
#.......'..##......
#.......##.........
#...>...#####......
#.......# #......
##'###### ######÷
#J# #. #@## #.
#..### #. ##...#
##. #####.### #..
#.......#########'#
#............#..<..
#.......####.'.....
#.......# ###.....
#.......# #.....


You could see a jelly.

Vanquished Creatures
  Prince Ribbit (D:5)
  Grinder (D:6)
  A slime creature (D:10)
  A hippogriff (D:8)
  4 yaks (D:9)
  A hungry ghost (D:8)
  2 wargs (D:9)
  3 sky beasts
  2 orc warriors
  A black bear (D:9)
  An ice beast (D:5)
  A necrophage (D:10)
  2 phantoms
  6 ogres
  4 centaurs
  3 big kobolds
  A bullfrog (D:8)
  2 scorpions
  5 killer bees (D:7)
  4 wights (D:7)
  A howler monkey (D:5)
  2 crimson imps
  2 jellies
  3 hounds
  7 orc priests
  11 orc wizards
  8 worker ants
  7 iguanas
  3 hound zombies
  A hound skeleton (D:7)
  Robin (D:4)
  7 gnolls
  2 howler monkey skeletons
  10 adders
  An ooze (D:1)
  An adder zombie (D:4)
  An adder skeleton (D:7)
  4 worms
  5 leopard geckos
  29 orcs
  8 bats
  A giant cockroach (D:6)
  14 goblins
  10 hobgoblins
  3 jackals (D:6)
  2 quokkas
  3 ball pythons
  A ball python skeleton (D:5)
  2 frilled lizards
  15 kobolds
  A leopard gecko skeleton (D:4)
  4 rats
216 creatures vanquished.

Vanquished Creatures (others)
  An orc wizard (D:8)
1 creature vanquished.

Grand Total: 217 creatures vanquished

Notes
Turn   | Place    | Note
-------+----------+-------------------------------------------
     0 | D:1      | Borgoz the Ghoul Enchanter began the quest for the Orb.
     0 | D:1      | Reached XP level 1. HP: 14/14 MP: 2/2
    25 | D:1      | Reached skill level 1 in Short Blades
   299 | D:1      | Reached skill level 2 in Dodging
   299 | D:1      | Reached XP level 2. HP: 13/22 MP: 1/3
   306 | D:1      | Learned a level 2 spell: Ensorcelled Hibernation
   997 | D:2      | Reached XP level 3. HP: 19/27 MP: 4/4
  1361 | D:2      | Reached skill level 1 in Fighting
  1783 | D:2      | Reached skill level 1 in Armour
  2040 | D:3      | Found an ancient bone altar of Kikubaaqudgha.
  2044 | D:3      | Found a shimmering altar of Xom.
  2201 | D:3      | Reached XP level 4. HP: 14/35 MP: 1/5
  2849 | D:3      | Reached skill level 3 in Dodging
  2849 | D:3      | Reached XP level 5. HP: 33/41 MP: 2/6
  2918 | D:3      | Learned a level 3 spell: Confuse
  3680 | D:4      | Reached XP level 6. HP: 40/47 MP: 5/8
  4225 | D:4      | Noticed Robin
  4247 | D:4      | HP: 1/50 [goblin[Robin] (6)]
  4675 | D:4      | Reached XP level 7. HP: 17/56 MP: 0/9
  4871 | D:5      | Entered Level 5 of the Dungeon
  4933 | D:5      | You fall through a shaft for 2 floors!
  4986 | D:5      | Found the +7 sceptre of Torment {pain, torment}
  4988 | D:5      | Found a staircase to the Ecumenical Temple.
  5005 | D:5      | Reached skill level 4 in Dodging
  5010 | Temple   | Entered the Ecumenical Temple
  5017 | Temple   | Became a worshipper of Ashenzari the Shackled
  5235 | D:5      | Found a white marble altar of Elyvilon.
  5273 | D:5      | Found a burning altar of Makhleb.
  5614 | D:5      | Found a blossoming altar of Fedhas.
  5739 | D:5      | Found Deciut's General Store.
  5744 | D:5      | Noticed Prince Ribbit
  6241 | D:4      | Killed Robin
  6900 | D:5      | Killed Prince Ribbit
  6900 | D:5      | Reached XP level 8. HP: 47/63 MP: 11/11
  6986 | D:5      | Reached skill level 5 in Dodging
  7226 | D:6      | Reached skill level 1 in Conjurations
  7293 | D:6      | Reached skill level 5 in Short Blades
  7611 | D:6      | Noticed Grinder
  7671 | D:6      | Paralysed by Grinder for 4 turns
  7676 | D:6      | Killed Grinder
  7995 | D:6      | Reached XP level 9. HP: 71/71 MP: 12/12
  8884 | D:7      | Reached skill level 6 in Dodging
  9295 | D:7      | Reached skill level 5 in Fighting
 10528 | D:8      | Reached skill level 7 in Dodging
 10528 | D:8      | Reached XP level 10. HP: 29/81 MP: 3/13
 11195 | D:9      | Found a staircase to the Orcish Mines.
 11227 | D:9      | Reached * piety under Ashenzari
 11309 | D:9      | Learned a level 2 spell: Slow
 11312 | D:9      | Learned a level 2 spell: Blink
 11624 | D:9      | Reached skill level 5 in Armour
 12458 | D:10     | Entered Level 10 of the Dungeon
 12606 | D:10     | Found a viscous altar of Jiyva.
 12617 | D:10     | Reached skill level 8 in Dodging
 12652 | D:9      | HP: 3/84 [jelly (2)]
 12652 | D:9      | Splashed by a jelly's acid

Skill      XL: |  1  2  3  4  5  6  7  8  9 10 |
---------------+-------------------------------+-----
Short Blades   | 1 2 3 4 5 6 7 |  7.9
Dodging        | 2 3 4 5 7 8 |  8.0
Fighting       | 1 2 3 4 5 6 |  6.4
Armour         | 1 2 3 4 5 |  5.3
Spellcasting   | 2 3 |  3.0
Conjurations   | 2 4 |  4.9
Stealth        | |  3.2
Hexes          | |  2.9

Action                   |  1- 3 |  4- 6 |  7- 9 | 10-12 || total
-------------------------+-------+-------+-------+-------++-------
Melee: Dagger            |   138 |   143 |   274 |   299 ||   854
       Short sword       |       |       |   245 |       ||   245
 Cast: Corona            |     8 |       |     1 |       ||     9
       Ensorcelled Hiber |     4 |    15 |    46 |    20 ||    85
       Confuse           |       |       |     5 |       ||     5
Invok: Curse Item        |       |       |     2 |       ||     2
  Use: Scroll            |       |     8 |     1 |    10 ||    19
       Potion            |       |     3 |     6 |     4 ||    13
 Stab: Sleeping          |     9 |     7 |    23 |     9 ||    48
       Confused          |       |       |     2 |       ||     2
       Invisible         |       |       |     3 |       ||     3
       Distracted        |       |       |       |     1 ||     1
  Eat: Chunk             |    14 |    17 |    55 |    33 ||   119
Armor: Robe              |    27 |       |       |       ||    27
       Leather armour    |     4 |    23 |   114 |    59 ||   200
Dodge: Dodged            |    74 |    99 |   378 |   138 ||   689
